 Dungeon Crawl Stone Soup version 0.21-a0-442-g848f44b (webtiles) character file.

36 theanonym the Chopper (level 3, 0/31 HPs)
             Began as a Minotaur Chaos Knight on Nov 16, 2017.
             Killed from afar by Sigmund (3 damage)
             ... with a magic dart
             ... on level 2 of the Dungeon.
             The game lasted 00:01:57 (1213 turns).

theanonym the Chopper (Minotaur Chaos Knight)       Turns: 1213, Time: 00:01:58

Health: 0/31       AC:  7    Str: 17    XL:     3   Next: 19%
Magic:  2/2        EV: 11    Int:  9    God:    Xom [*.....]
Gold:   23         SH:  0    Dex:  9    Spells: 2/2 levels left

rFire    . . .     SeeInvis .   a - +0 hand axe (chaos)
rCold    . . .     Gourm    .   (no shield)
rNeg     . . .     Faith    .   b - +2 leather armour
rPois    .         Spirit   .   (helmet restricted)
rElec    .         Reflect  .   (no cloak)
rCorr    .         Harm     .   (no gloves)
MR       .....     Clarity  +   (no boots)
Stlth    +.........             (no amulet)
HPRegen  0.10/turn              (no ring)
MPRegen  0.08/turn              (no ring)

@: no status effects
A: retaliatory headbutt, horns 2, yellow scales 1, clarity
a: Renounce Religion


Innate Abilities, Weirdness & Mutations

You reflexively headbutt those who attack you in melee.
You have a pair of horns on your head.
You are partially covered in yellow scales. (AC +2)
You possess an exceptional clarity of mind.


   Skills:
 - Level 3.6 Fighting
 + Level 5.3 Axes
 - Level 2.4 Armour
 - Level 1.1 Dodging


You had 2 spell levels left.
You didn't know any spells.

Skill      XL: |  1  2 |
---------------+-------+-----
Axes           | 4 5 |  5.3
Fighting       | |  3.6
Armour         | |  2.4
Dodging        | |  1.1

Action                   || total
-------------------------++-------
Melee: Hand axe          ||    61
       Headbutt          ||     4
  Use: Potion            ||     4
  Eat: Chunk             ||     1
Armor: Leather armour    ||    21
Dodge: Dodged            ||    23

Inventory:

Hand Weapons
 a - a +0 hand axe of chaos (weapon)
Armour
 b - a +2 leather armour (worn)
 e - a +0 pair of boots
   (You found it on level 1 of the Dungeon)
Scrolls
 g - 2 scrolls of identify {unknown}
 h - a scroll of noise {unknown}
 k - 3 scrolls of blinking {unknown}
 o - a scroll of teleportation {god gift, unknown}
Comestibles
 c - 2 bread rations
 d - 2 meat rations
 j - a royal jelly
 m - 4 chunks of flesh
 n - 3 fruits

Dungeon Overview and Level Annotations

Branches:
Dungeon (2/15)

Altars:
Ru
Xom

Annotations:
D:2 1 runed door, Sigmund


You were on level 2 of the Dungeon.
You worshipped Xom.
You were a special plaything of Xom.
You were not hungry.

You visited 1 branch of the dungeon, and saw 2 of its levels.

You collected 23 gold pieces.


Message History

You butcher the giant cockroach corpse.
m - 4 chunks of flesh (gained 2)
You see here a club. x2
Found a club.
p - a green potion A worm comes into view.
Found 22 stones.
A worm is nearby!
A worm is nearby!
A worm is nearby!
You barely miss the worm. The worm bites you but does no damage.
You slash the worm! You hit the worm. You burn the worm. You headbutt the worm.
You kill the worm!
No target in view!
No target in view!
You see here a chain mail.
A bat comes into view.
The bat closely misses you. You furiously retaliate!
You headbutt the bat!
You kill the bat!
Found a scale mail.
Health restored: 31
d - 2 meat rations (gained 1)
A bat and a goblin come into view.
The goblin shouts!
The goblin moves out of view.
A bat is nearby!
A bat is nearby!
A bat is nearby!
Search for what [Enter for "chain", or ? for help]?
Sigmund the Dreaded comes into view.
He is wielding a scythe.
Sigmund shouts!
The bat misses you. The bat hits you. The bat hits you but does no damage.
Sigmund picks up a fuming cyan potion.
You take 1 damage, and have 30/31 hp.
You hit the bat.
You kill the bat!
Sigmund gestures at you while chanting. The magic dart hits you!
Sigmund drinks a potion.
Sigmund suddenly seems more agile.
The goblin misses you.
You hit the goblin. You burn the goblin. Your headbutt misses the goblin.
The goblin closely misses you. The goblin hits you but does no damage.
You miss the goblin. Sigmund hits you but does no damage.
The goblin barely misses you. You furiously retaliate!
You headbutt the goblin.
You kill the goblin!
You see here a dagger.
You hit Sigmund. You burn Sigmund. Sigmund gestures at you while chanting.
You are confused.
Sigmund hits you with a scythe.
You take 6 damage, and have 24/31 hp.
It was a potion of cancellation.
Your magical effects are unravelling.
You feel magically purged.
You feel less confused.
You barely miss Sigmund.
Sigmund points at you and mumbles some strange words.
The puff of flame hits you!
* * * LOW HITPOINT WARNING * * *
You take 9 damage, and have 15/31 hp.
MASSIVE DAMAGE!!
It was a potion of curing.
You feel better.
Xom roars with laughter!
Sigmund mumbles some strange words.
Sigmund flickers and vanishes!
Deactivating autopickup; reactivate with Ctrl-A.
You regained 11 hp, and now have 26/31 hp.
You miss something. Something hits you!
You take 10 damage, and have 16/31 hp.
MASSIVE DAMAGE!!
You barely miss something. You headbutt something! Something hits you.
* * * LOW HITPOINT WARNING * * *
You take 3 damage, and have 13/31 hp.
It was a potion of magic.
Magic courses through your body.
It was a potion of mutation.
You feel extremely strange.
Yellow scales grow over part of your body.
Your thoughts seem clearer.
Xom roars with laughter!
Something hits you!
* * * LOW HITPOINT WARNING * * *
You take 7 damage, and have 6/31 hp.
MASSIVE DAMAGE!!
You barely miss something. Something hits you but does no damage.
You closely miss something. Your headbutt misses something.
You closely miss something. Your headbutt misses something.
Something hits you but does no damage.
You completely miss something. Something hits you.
* * * LOW HITPOINT WARNING * * *
You take 3 damage, and have 3/31 hp.
You miss something. Your headbutt misses something. Something hits you.
* * * LOW HITPOINT WARNING * * *
You take 1 damage, and have 2/31 hp.
You miss something. You closely miss something.
Something hits you but does no damage.
You miss something. Something barely misses you.
You completely miss something. You closely miss something.
Your headbutt misses something.
You hear some strange, mumbled words.
A magic dart appears from out of thin air!
The magic dart hits you!
You die... "It's not fun and games unless someone loses an eye."

#.## #............. #.#
#..#####....####.#.##
#.# #.##...........
#.#.# #.####
#.##........... #.#.#
#....# #.#...#.......##
#.#.# #....#
#.............# #.#.#
##...#####.....#.......#
#.#.# ........#.#
#.........# #.#.#
..........# #...@{....#
#.#.#
..........###.######..#
#[...###.#....# #....#
#.####.# #....# #.# #.#
#.#... ..# #.# ..####
### #.. # ###


There were no monsters in sight!

Notes
Turn   | Place    | Note
-------+----------+-------------------------------------------
     0 | D:1      | theanonym the Minotaur Chaos Knight began the quest for the Orb.
     0 | D:1      | Reached XP level 1. HP: 19/19 MP: 0/0
    90 | D:1      | Reached skill level 4 in Axes
   187 | D:1      | XOM: harmless Chrm miscast
   227 | D:1      | Reached XP level 2. HP: 26/26 MP: 1/1
   286 | D:1      | XOM: divination: detect items
   792 | D:2      | Found a sacrificial altar of Ru.
   876 | D:2      | Found a runed door.
  1022 | D:2      | XOM: cloud trail
  1041 | D:2      | XOM: god gift: scroll labeled LEDASEGH RACU {god gift}
  1042 | D:2      | XOM: scenery: create altars
  1123 | D:2      | XOM: polymorph giant cockroach -> quokka
  1124 | D:2      | Reached skill level 5 in Axes
  1129 | D:2      | Reached XP level 3. HP: 27/31 MP: 2/2
  1189 | D:2      | Noticed Sigmund
  1198 | D:2      | HP: 15/31 [Sigmund/puff of flame (9)]
  1203 | D:2      | Gained mutation: You are partially covered in yellow scales. (AC +2) [potion of mutation]
  1203 | D:2      | Gained mutation: You possess an exceptional clarity of mind. [potion of mutation]
  1203 | D:2      | HP: 6/31 [something (7)]
  1208 | D:2      | HP: 2/31 [something (1)]
  1213 | D:2      | Killed from afar by Sigmund

Vanquished Creatures
  A worm (D:2)
  A leopard gecko (D:1)
  2 bats (D:2)
  7 giant cockroaches (D:2)
  3 goblins
  2 hobgoblins (D:2)
  2 quokkas (D:2)
  4 frilled lizards
  3 kobolds
  4 rats
29 creatures vanquished.
